 Dungeon Crawl Stone Soup version 0.30-a0-283-gf371ce1921 (webtiles) character file.

Game seed: 6021225470036192063

21 MrRokkomies the Sneak (level 2, -5/27 HPs)
             Began as an Armataur Delver on Oct 17, 2022.
             Slain by a gnoll
             ... wielding a +0 spear
              (9 damage)
             ... on level 4 of the Dungeon.
             The game lasted 00:01:01 (171 turns).

MrRokkomies the Sneak (Armataur Delver)              Turns: 171, Time: 00:01:01

Health: -5/27      AC:  4    Str: 17    XL:     2   Next: 62%
Magic:  2/2        EV:  9    Int: 10    God:
Gold:   6          SH:  0    Dex: 11    Spells: 1/1 levels left

rFire   . . .      SeeInvis .    a - +0 hand axe
rCold   . . .      Faith    .    (no shield)
rNeg    . . .      Spirit   .    b - +0 leather armour
rPois   .          Reflect  .    (no helmet)
rElec   .          Harm     .    (no cloak)
rCorr   .          Roll     +    (no gloves)
Will    .....                    (no barding)
Stlth   +++.......               (no amulet)
HPRegen 0.24/turn                (no ring)
MPRegen 0.08/turn                (no ring)

@: hasted, very quick
A: large, rugged brown scales 3, deformed body, armoured tail, roll, long
tongue, awkward tongue
a: no special abilities


You were on level 4 of the Dungeon.
You visited 1 branch of the dungeon, and saw 2 of its levels.

You collected 6 gold pieces.

Inventory:

Hand Weapons
 a - a +0 hand axe (weapon)
Armour
 b - a +0 leather armour (worn)
Wands
 g - a wand of digging (3)
Scrolls
 c - a scroll of fog
 d - a scroll of magic mapping
 e - a scroll of fear
 h - a scroll of butterflies {unknown}
Potions
 i - a potion of ambrosia {unknown}
 j - a potion of mutation {unknown}


   Skills:
 * Level 3.1 Fighting
 - Level 1.5 Axes
 * Level 1.7 Armour
 + Level 1.6 Dodging
 - Level 5.4 Stealth


You had one spell level left.
You didn't know any spells.
Your spell library was empty.

Dungeon Overview and Level Annotations

Branches:
Dungeon (5/15)
 Temple: D:4-7

Altars:


Innate Abilities, Weirdness & Mutations

You are completely covered in rugged brown scales. (AC +3, +7% HP)
Armour fits poorly on your strangely shaped body.
You have a long armoured tail.
You roll when moving toward enemies. (Rampage)
Your long tongue fully drains potion bottles. (2x potion effects)
Your tongue gives you trouble enunciating. (1.5x scroll delay)


Message History

You closely miss the orc. You hit the orc.
The orc is moderately wounded.
The orc barely misses you. The gnoll barely misses you.
You barely miss the orc.
Your tail-slap misses the orc.
The orc is moderately wounded.
The gnoll hits you from afar with a +0 spear.
The orc hits you but does no damage.
You closely miss the orc.
The orc is moderately wounded.
The gnoll hits you from afar with a +0 spear.
The orc hits you with a +0 club.
You are too injured to fight recklessly!
You are too injured to fight recklessly!
You are too injured to fight recklessly!
You are too injured to fight recklessly!
You are too injured to fight recklessly!
You closely miss the orc.
The orc is moderately wounded.
The orc hits you but does no damage.
The gnoll hits you from afar with a +0 spear.
You barely miss the orc.
The orc is lightly wounded.
You slash the orc!
You kill the orc!
The gnoll hits you from afar with a +0 spear.
You closely miss the orc. The gnoll closely misses you.
The orc barely misses you.
You closely miss the orc. The orc barely misses you.
The gnoll completely misses you.
The gnoll hits you from afar with a +0 spear.
* * * LOW HITPOINT WARNING * * *
You barely miss the orc.
Your tail-slap misses the orc.
The gnoll hits you from afar with a +0 spear.
* * * LOW HITPOINT WARNING * * *
The gnoll barely misses you. The orc hits you but does no damage.
You slash the orc!
You kill the orc!
The gnoll hits you from afar with a +0 spear!
You die...

..>..#######...#
...............#
..#.#.#.#.#.#..#
...............#
...#.#.#.#†#.#.#
...............#
....#..#######.###
......##### #...#
..........# ###@#
....####...# #)##
...## #..####gg#
..##### #....go.#
..#...# ##...#..#
.....# ##..#..#
...### #.##..#
#.## '. #..# #..
≈#. ...#


You could see 3 gnolls and an orc.

Vanquished Creatures
  2 adders (D:4)
  2 orcs (D:4)
  A goblin (D:4)
5 creatures vanquished.

Notes
Turn   | Place    | Note
-------+----------+-------------------------------------------
     0 | D:5      | MrRokkomies the Armataur Delver began the quest for the
                  | Orb.
     0 | D:5      | Reached XP level 1. HP: 19/19 MP: 1/1
    62 | D:4      | Reached skill level 1 in Armour
    62 | D:4      | Reached XP level 2. HP: 19/26 MP: 2/2
   171 | D:4      | Slain by a gnoll

Illustrated notes

Levels and vault maps discovered:
D:4:      layout_gridville, mainiacjoe_overflow_24_doors, old_standard_altar,
          gammafunk_temple_overflow_claw, portal_sewer_entry_a,
          minmay_misc_feat_pillars, dreamdust_princess_bridge, uniq_menkaure
D:5:      layout_basic, serial_shops, nicolae_diamond_shop

Skill      XL: |  1  2 |
---------------+-------+-----
Armour         | 1 |  1.7
Fighting       | 3 |  3.1
Axes           | |  1.5
Dodging        | |  1.6
Stealth        | |  5.4

Action                   || total
-------------------------++-------
Melee: Hand axe          ||    25
       Tailslap          ||     2
  Use: Potion            ||     1
 Stab: Sleeping          ||     1
Armor: Leather armour    ||    13
Dodge: Dodged            ||    17

Table legend: (Time is in decaauts)
 A = Elapsed time spent in this place.
 B = Non-inter-level travel time spent in this place.
 C = Inter-level travel time spent in this place.
 D = Time resting spent in this place.
 E = Time spent auto-exploring this place.
 F = Levels seen in this place.
 G = Mean time per level.
                   A        B        C        D        E       F      G
               +--------+--------+--------+--------+--------+-----+--------+
         Total |    172 |    172 |      0 |      5 |     87 |   2 |   86.0 |
       Dungeon |    172 |    172 |      0 |      5 |     87 |   2 |   86.0 |
               +--------+--------+--------+--------+--------+-----+--------+

Top non-repeatable levels by time:
     D:4: 144 daAuts
     D:5: 28 daAuts
